 Dungeon Crawl Stone Soup version 0.30.1-11-g7821555f0a (webtiles) character file.

Game seed: 928479242711335599

2312 monsoonserge the Skirmisher (level 9, -4/69 HPs)
             Began as a Spriggan Hunter on Nov 3, 2023.
             Was a Follower of Okawaru.
             Slain by Duvessa
             ... wielding a +3 rapier of speed
              (13 damage)
             ... on level 6 of the Dungeon.
             The game lasted 00:13:23 (5022 turns).

monsoonserge the Skirmisher (Spriggan Hunter)       Turns: 5022, Time: 00:13:23

Health: -4/69      AC: 24    Str:  7    XL:     9   Next: 18%
Magic:  0/10       EV:  4    Int: 11    God:    Okawaru [*.....]
Gold:   310        SH:  0    Dex: 22    Spells: 8/8 levels left

rFire   . . .        q - +1 sling (freeze)
rCold   + . .        (no shield)
rNeg    . . .        y - melded +1 robe {Will+}
rPois   +            (helmet currently unavailable)
rElec   .            (cloak currently unavailable)
rCorr   .            (gloves unavailable)
SInv    +            (boots unavailable)
Will    +....        h - amulet of guardian spirit
Stlth   +++          s - +5 ring of evasion
HPRegen 0.31/turn    v - ring of protection from cold
MPRegen 0.12/turn

%: guardian spirit
@: brilliant, tree-form
A: stationary, stasis, torment immunity, boosted hp, very small, no large
weapons, unfitting armour, see invisible, (speed 3)
a: Renounce Religion, Heroism


You were on level 6 of the Dungeon.
You worshipped Okawaru.
Okawaru was aware of your devotion.
You were a tree.
You visited 1 branch of the dungeon, and saw 6 of its levels.

You collected 310 gold pieces.

Inventory:

Hand Weapons
 q - a +1 sling of freezing (weapon)
Missiles
 i - 18 poisoned darts
Armour
 y - a +1 robe of willpower (melded)
Jewellery
 a - a ring of fire
 f - an amulet of faith
 g - a ring of fire
 h - an amulet of guardian spirit (around neck)
 s - a +5 ring of evasion (left branch)
 v - a ring of protection from cold (right branch)
 x - an amulet of the acrobat
Wands
 A - a wand of polymorph (13)
 B - a wand of flame (17)
Scrolls
 b - 2 scrolls of immolation
 d - 4 scrolls of identify {unknown}
 e - a scroll of magic mapping {unknown}
 k - 2 scrolls of acquirement {unknown}
 l - 2 scrolls of enchant weapon {unknown}
 m - 2 scrolls of amnesia {unknown}
 n - 2 scrolls of poison {unknown}
 o - 5 scrolls of teleportation {unknown}
 t - 3 scrolls of fear {unknown}
 u - a scroll of noise {unknown}
 w - a scroll of fog {unknown}
 z - 3 scrolls of enchant armour {unknown}
Potions
 c - a potion of heal wounds {unknown}
 j - a potion of lignification
 p - 2 potions of might {unknown}
 r - 2 potions of brilliance


   Skills:
 + Level 4.6 Fighting
 + Level 11.3 Ranged Weapons
 + Level 4.6 Dodging
 + Level 2.5 Stealth
 * Level 0.6 Invocations


You had 8 spell levels left.
You didn't know any spells.
Your spell library contained the following spells:

 Spells                   Type           Power      Damage    Failure   Level
 Lesser Beckoning         Tloc           0%         N/A       47%         2
 Dazzling Flash           Conj/Hex       0%         N/A       71%         3
 Gell's Gravitas          Tloc           0%         N/A       71%         3
 Teleport Other           Tloc           0%         N/A       71%         3
 Manifold Assault         Tloc           0%         N/A       98%         4
 Agony                    Necr           0%         N/A       100%        5
 Silence                  Hex/Air        0%         N/A       100%        5
 Dispersal                Tloc           0%         N/A       100%        6
 Disjunction              Tloc           0%         N/A       100%        8


Dungeon Overview and Level Annotations

Branches:
Dungeon (6/15)
 Temple: D:4-7

Altars:
Cheibriados
Dithmenos
Fedhas
Gozag
Okawaru
Ru
Wu Jian

Shops:
D:4 :

Annotations:
D:6 Duvessa


Innate Abilities, Weirdness & Mutations

You are a tree.
Your roots penetrate the ground, keeping you stationary.
You cannot be teleported.
You are immune to unholy pain and torment.
Your maximum health is greatly increased.
Your equipment is partially melded.
You are very small and have problems with some larger weapons.
You are too small for most types of armour.
You have supernaturally acute eyesight. (SInv)
((You cover ground extremely quickly. (Speed+++)))


Message History

Aim: Duvessa, wielding a +3 rapier of speed and wearing a +0 scale mail (lightly wounded, berserk, will become a scorpion, a quokka, or a killer bee, chance to affect: 31%)
Okay, then.
You shoot a sling bullet. The sling bullet barely misses Duvessa.
You don't know any spells.
Aiming: Polymorph
Press: ? - help, Shift-Dir - straight line, f/p - Duvessa
Aim: Duvessa, wielding a +3 rapier of speed and wearing a +0 scale mail (lightly wounded, berserk, will become a scorpion, a quokka, or a killer bee, chance to affect: 31%)
Okay, then.
Unknown command.
You shoot a sling bullet. The sling bullet hits Duvessa.
The sling bullet freezes Duvessa.
Duvessa is lightly wounded.
You shoot a sling bullet. The sling bullet hits Duvessa.
The sling bullet freezes Duvessa.
Duvessa is lightly wounded.
Duvessa completely misses you.
You shoot a sling bullet. The sling bullet hits Duvessa.
The sling bullet freezes Duvessa.
Duvessa is moderately wounded.
Duvessa barely misses you. Duvessa completely misses you.
You shoot a sling bullet.
The sling bullet hits Duvessa but does no damage.
Duvessa is moderately wounded.
Duvessa hits you with a +3 rapier of speed!
Duvessa hits you with a +3 rapier of speed!!
Unknown command.
It was a potion of brilliance.
You feel clever all of a sudden.
Duvessa hits you with a +3 rapier of speed!
* * * LOW HITPOINT WARNING * * *
Duvessa barely misses you.
It was a potion of lignification.
You turn into a tree.
Your +1 robe of willpower melds into your body.
You feel less strong-willed.
Your roots penetrate the ground.
Duvessa completely misses you. Duvessa barely misses you.
You shoot a sling bullet.
The sling bullet hits Duvessa but does no damage.
Duvessa is moderately wounded.
Duvessa hits you with a +3 rapier of speed!
You die...

.......... 8........#
..#.... .........#
[...... #.......####
......### #.....)....#
.#......###........8.#
........#.......e....#
........# #.♣.#####
........# #.⌠.#...##
........#######...#....##
.....(#.......#...#.....#
#)...##...............###
†..................####
##.................#
...................#
.).................#


You could see Duvessa (berserk).

Vanquished Creatures
  Pikel (D:6)
  Grinder (D:4)
  Menkaure (D:4)
  A steam dragon (D:5)
  A black bear (D:6)
  A sky beast (D:6)
  3 ogres (D:4)
  A centaur (D:5)
  A lemure (D:6)
  2 bullfrogs
  Dowan (D:6)
  A howler monkey (D:6)
  4 hounds
  2 orc priests (D:6)
  6 iguanas
  5 orc wizards (D:5)
  5 gnolls
  7 adders
  A white imp (D:5)
  2 ufetubi
  3 worms
  3 dart slugs
  15 orcs
  7 endoplasms
  4 giant cockroaches
  4 hobgoblins
  8 jackals
  2 quokkas
  9 ball pythons
  5 bats (D:1)
  12 frilled lizards
  11 goblins
  4 kobolds
  4 rats
138 creatures vanquished.

Vanquished Creatures (others)
  An orc (D:6)
1 creature vanquished.

Grand Total: 139 creatures vanquished

Notes
Turn   | Place    | Note
-------+----------+-------------------------------------------
     0 | D:1      | monsoonserge the Spriggan Hunter began the quest for the
                  | Orb.
     0 | D:1      | Reached XP level 1. HP: 10/10 MP: 2/2
    75 | D:1      | Reached XP level 2. HP: 15/15 MP: 3/3
   393 | D:1      | Reached XP level 3. HP: 18/18 MP: 4/4
   816 | D:2      | Reached skill level 5 in Ranged Weapons
   954 | D:2      | Reached XP level 4. HP: 23/23 MP: 5/5
  1373 | D:2      | Identified the +4 hand axe "Arai" {protect, Fragile Fly
                  | rPois rC++}
  1983 | D:3      | Found a sacrificial altar of Ru.
  2075 | D:3      | Found an ornate altar of the Wu Jian Council.
  2108 | D:4      | Noticed an ogre
  2120 | D:4      | Found an opulent altar of Gozag.
  2190 | D:4      | Noticed Menkaure
  2203 | D:4      | Reached XP level 5. HP: 26/26 MP: 6/6
  2210 | D:4      | Killed Menkaure
  2211 | D:4      | Reached skill level 6 in Ranged Weapons
  2211 | D:4      | Reached XP level 6. HP: 22/32 MP: 4/7
  2260 | D:4      | Found Wemu's Self-Improvement Boutique.
  2262 | D:4      | Noticed Grinder
  2286 | D:4      | Paralysed by Grinder for 4 turns
  2301 | D:4      | Killed Grinder
  2302 | D:4      | Reached skill level 7 in Ranged Weapons
  2307 | D:4      | Found a blossoming altar of Fedhas.
  2425 | D:4      | Reached XP level 7. HP: 36/36 MP: 8/8
  2583 | D:4      | Reached skill level 8 in Ranged Weapons
  2782 | D:4      | Found a shadowy altar of Dithmenos.
  3080 | D:5      | Entered Level 5 of the Dungeon
  3384 | D:5      | Reached skill level 9 in Ranged Weapons
  3464 | D:5      | Reached XP level 8. HP: 40/40 MP: 9/9
  4547 | D:6      | Reached skill level 10 in Ranged Weapons
  4610 | D:6      | Found an iron altar of Okawaru.
  4618 | D:6      | Became a worshipper of Warmaster Okawaru
  4724 | D:6      | Found a snail-covered altar of Cheibriados.
  4883 | D:6      | Noticed Pikel
  4906 | D:6      | Killed Pikel
  4906 | D:6      | Reached * piety under Okawaru
  4907 | D:6      | Reached skill level 11 in Ranged Weapons
  4907 | D:6      | Reached XP level 9. HP: 46/46 MP: 10/10
  5007 | D:6      | Noticed Dowan
  5011 | D:6      | Killed Dowan
  5012 | D:6      | Noticed Duvessa
  5022 | D:6      | Slain by Duvessa

Illustrated notes

Levels and vault maps discovered:
D:1:      sevenhm_arrival_forest_fort_small_6, layout_loops_ring,
          minmay_octomino_c4
D:2:      layout_basic, minmay_lizard_king
D:3:      layout_rooms, nicolae_ru_path_of_blood, nzn_wu_jian_council_hall
D:4:      layout_cave_pods, nicolae_overflow_crystal_walls,
          general_overflow_altar, fedhas_altar_3, nicolae_shop_self_help,
          uniq_menkaure, uniq_grinder
D:5:      layout_basic, serial_corexii_hall, corexii_hall_statues_s,
          chequers_hall_statues_corner_a
D:6:      layout_cave_pools, marbit_many_paths, mainiacjoe_overflow_paths,
          nicolae_elevator_lobby_asterisk, uniq_duvessa, uniq_pikel

Skill      XL: |  1  2  3  4  5  6  7  8 |
---------------+-------------------------+-----
Dodging        | 3 4 |  4.6
Fighting       | 2 3 4 |  4.6
Ranged Weapons | 5 6 7 9 11 | 11.3
Stealth        | 2 |  2.5
Invocations    | |  0.6

Action                     |  1- 3 |  4- 6 |  7- 9 || total
---------------------------+-------+-------+-------++-------
   Fire: Shortbow          |   115 |       |       ||   115
         Sling             |       |   129 |   305 ||   434
    Use: Potion            |       |       |     2 ||     2
 Armour: Robe              |     4 |       |     6 ||    10
  Dodge: Dodged            |    42 |    27 |   132 ||   201
